 Dungeon Crawl Stone Soup version 0.17.0 (webtiles) character file.

3054 Eucla the Grappler (level 9, -5/89 HPs)
             Began as a Troll Monk on Nov 21, 2015.
             Was a Believer of Nemelex Xobeh.
             Killed from afar by Maurice (9 damage)
             ... with a wand of fire
             ... on level 8 of the Dungeon.
             The game lasted 00:09:29 (5542 turns).

Eucla the Grappler (Troll Monk)                     Turns: 5542, Time: 00:09:29

Health: -5/89      AC:  8    Str: 21    XL:     9   Next: 57%
Magic:  10/10      EV: 10    Int:  7    God:    Nemelex Xobeh [**....]
Gold:   326        SH:  0    Dex: 14    Spells: 0 memorised, 10 levels left

rFire  + . .     SeeInvis .       - Unarmed
rCold  x . .     Clarity  .     a - +0 robe
rNeg   . . .     SustAt   .     (no shield)
rPois  .         Gourm    +     (helmet restricted)
rElec  .         Spirit   .     l - +2 cloak
rCorr  .         Warding  .     (gloves unavailable)
rMut   +         Stasis   .     (boots unavailable)
MR     .....                    k - amulet of resist mutation
Stlth  ++........               o - -2 ring of evasion (curse)
                                F - ring of fire

@: not resistant to hostile enchantments, unstealthy
A: unfitting armour, claws 3, fast metabolism 3, gourmand, regeneration 2,
shaggy fur 1, tough skin 2
a: Renounce Religion


You were on level 8 of the Dungeon.
You worshipped Nemelex Xobeh.
Nemelex Xobeh was pleased with you.
You were very full.

You visited 1 branch of the dungeon, and saw 8 of its levels.

You collected 326 gold pieces.

Inventory:

Armour
 a - a +0 robe (worn)
 l - a +2 cloak (worn)
Jewellery
 g - an uncursed ring of sustain attributes
 k - an amulet of resist mutation (around neck)
 m - an uncursed ring of fire
 o - a cursed -2 ring of evasion (right claw)
 F - a ring of fire (left claw)
 N - an uncursed ring of wizardry
Wands
 q - a wand of fireball (4)
 r - a wand of teleportation (4)
 t - a wand of cold (0)
 y - a wand of fireball (9)
 G - a wand of slowing (12)
Scrolls
 c - 2 scrolls of remove curse {unknown}
 h - 2 scrolls of noise {unknown}
 n - 2 scrolls of enchant armour {unknown}
 u - a scroll of amnesia {unknown}
 v - a scroll of enchant weapon {unknown}
 w - 6 scrolls of identify {unknown}
 x - 3 scrolls of immolation {unknown}
 D - 2 scrolls of blinking {unknown}
 I - a scroll of recharging {unknown}
 J - a scroll of fog {unknown}
Potions
 e - a potion of magic {unknown}
 i - 2 potions of degeneration {unknown}
 j - 2 potions of heal wounds {unknown}
 p - a potion of agility {unknown}
 s - 3 potions of lignification {unknown}
 z - 3 potions of curing {unknown}
 A - 2 potions of flight {unknown}
 B - a potion of might {unknown}
 C - a potion of brilliance {unknown}
 E - a potion of beneficial mutation {unknown}
 H - 2 potions of resistance {unknown}
 L - a potion of invisibility {unknown}
 S - a potion of cancellation {unknown}
Miscellaneous
 P - a plain deck of destruction
 Q - a plain deck of escape {drawn: 2}
Comestibles
 b - 5 bread rations
 f - a meat ration


   Skills:
 + Level 5.8 Fighting
 + Level 5.7 Dodging
 - Level 1.1 Stealth
 * Level 9.4 Unarmed Combat
 - Level 1.4 Spellcasting
 + Level 3.4 Evocations


You had 10 spell levels left.
You didn't know any spells.

Dungeon Overview and Level Annotations

Branches:
Dungeon (8/15)             Temple (0/1) D:4
   Lair: D:8-11

Altars:
Ashenzari
Cheibriados
Kikubaaqudgha
Makhleb
Nemelex Xobeh
Okawaru
Qazlal
Sif Muna
Zin
The Shining One

Annotations:
D:8 Maurice


Innate Abilities, Weirdness & Mutations

You are too large for most types of armour.
You have claws for hands.
Your metabolism is lightning-fast.
You like to eat raw meat.
You heal very quickly.
You are covered in fur (AC +1).
You have very tough skin (AC +2).


Message History

The deck of cards disappears without a trace.
Walls emerge from the floor!
The walls disappear prematurely!
Evoke which item? (* to show all) (? for menu, Esc to quit)
You draw a card...
It is the Cloud.
Clouds appear around you!
Unknown command.
Evoke which item? (* to show all) (? for menu, Esc to quit)
You draw a card...
It is the Shaft.
A shaft materialises beneath you!
The orc is engulfed in noxious fumes.
The orc appears confused.
You hear a zap.
A bolt of fire appears from out of thin air!
The bolt of fire hits you! You resist.
* * * LOW HITPOINT WARNING * * *
Unknown command.
The orc barely misses something.
You hear a zap.
A bolt of fire appears from out of thin air!
The bolt of fire hits you! You resist.
You die...
Your body glows slightly and disappears.

......P.P....P..
#P...P§P§P....
+...§§.......
#...§o§§.....
###.§<§......
#.#)###....
#.#.# ### #.#)##
#.#^@# #.##.# #.
#.# #. #.# #.#
#.# #.# ..#


You could see an orc (confused).

Vanquished Creatures
  Pikel (D:6)
  A gargoyle (D:7)
  Grinder (D:3)
  A two-headed ogre (D:7)
  2 phantoms
  A black bear (D:8)
  An ice beast (D:6)
  2 sky beasts
  A gnoll sergeant (D:7)
  A giant frog (D:6)
  5 scorpions
  3 killer bees (D:7)
  5 hounds
  A centaur skeleton (D:5)
  A centaur zombie (D:6)
  Crazy Yiuf (D:3)
  2 giant frog skeletons (D:5)
  3 orc wizards
  A worker ant (D:3)
  4 orc priests
  A worker ant zombie (D:7)
  A hound skeleton (D:5)
  8 adders
  7 gnolls
  7 river rats (D:8)
  An ooze (D:2)
  4 worms
  17 orcs
  17 bats
  4 giant cockroaches
  8 goblins
  7 hobgoblins
  10 jackals
  6 kobolds
  A quokka (D:3)
  3 ball pythons
  A giant gecko skeleton (D:7)
  4 giant newts
  24 rats
169 creatures vanquished.

Vanquished Creatures (others)
  A slave (D:6)
  An iguana (D:6)
  A worker ant (D:6)
  A river rat (D:8)
  A fungus (D:8)
5 creatures vanquished.

Grand Total: 174 creatures vanquished

Notes
Turn   | Place    | Note
--------------------------------------------------------------
     0 | D:1      | Eucla the Troll Monk began the quest for the Orb.
     0 | D:1      | Reached XP level 1. HP: 22/22 MP: 0/0
    31 | D:1      | Reached XP level 2. HP: 26/29 MP: 1/1
   368 | D:1      | Reached XP level 3. HP: 36/36 MP: 2/2
   626 | D:2      | Found a faded altar to an unknown god.
   648 | D:2      | Became a worshipper of Sif Muna the Loreminder
   648 | D:2      | Reached * piety under Sif Muna
   648 | D:2      | Reached ** piety under Sif Muna
  1013 | D:2      | Reached XP level 4. HP: 44/44 MP: 3/3
  1083 | D:2      | Reached skill level 5 in Unarmed Combat
  1206 | D:3      | Noticed Grinder
  1212 | D:3      | Killed Grinder
  1212 | D:3      | Reached skill level 1 in Spellcasting
  1212 | D:3      | Reached XP level 5. HP: 36/53 MP: 3/5
  1212 | D:3      | Reached XP level 6. HP: 41/61 MP: 3/6
  1245 | D:3      | Noticed Crazy Yiuf
  1252 | D:3      | Killed Crazy Yiuf
  1307 | D:3      | Reached skill level 6 in Unarmed Combat
  1893 | D:4      | Found a staircase to the Ecumenical Temple.
  2051 | D:4      | Reached XP level 7. HP: 62/68 MP: 7/7
  2199 | D:4      | Found a snail-covered altar of Cheibriados.
  2207 | D:4      | Reached *** piety under Sif Muna
  2412 | D:4      | Found a sparkling altar of Nemelex Xobeh.
  2412 | D:4      | Found a stormy altar of Qazlal.
  2591 | D:4      | Fell from the grace of Sif Muna
  2592 | D:4      | Became a worshipper of Nemelex Xobeh the Trickster
  2609 | D:5      | Entered Level 5 of the Dungeon
  2621 | D:5      | Received a gift from Nemelex Xobeh
  3006 | D:5      | Found an iron altar of Okawaru.
  3040 | D:5      | Reached skill level 7 in Unarmed Combat
  3040 | D:5      | Reached skill level 1 in Evocations
  3274 | D:5      | Reached * piety under Nemelex Xobeh
  3318 | D:5      | Reached XP level 8. HP: 78/78 MP: 9/9
  3451 | D:5      | Received a gift from Nemelex Xobeh
  3642 | D:6      | Noticed Pikel
  3656 | D:6      | Killed Pikel
  3656 | D:6      | Reached skill level 8 in Unarmed Combat
  3689 | D:6      | Found an ancient bone altar of Kikubaaqudgha.
  3742 | D:6      | Found a shattered altar of Ashenzari.
  3945 | D:6      | Reached skill level 5 in Dodging
  4129 | D:6      | Reached skill level 5 in Fighting
  4226 | D:6      | Received a gift from Nemelex Xobeh
  4499 | D:6      | Found a glowing golden altar of the Shining One.
  4543 | D:6      | Reached ** piety under Nemelex Xobeh
  4694 | D:7      | Reached XP level 9. HP: 88/88 MP: 10/10
  4802 | D:7      | Noticed a two-headed ogre
  4828 | D:7      | Killed a two-headed ogre
  4883 | D:7      | Found a burning altar of Makhleb.
  4888 | D:7      | Got a polished whip
  4996 | D:7      | Received a gift from Nemelex Xobeh
  5010 | D:7      | Reached skill level 9 in Unarmed Combat
  5155 | D:7      | Noticed a gargoyle
  5163 | D:7      | Killed a gargoyle
  5283 | D:7      | Found a glowing silver altar of Zin.
  5438 | D:8      | Noticed Maurice
  5541 | D:8      | HP: 4/89 [something/wand of fire (7)]
  5542 | D:8      | Killed from afar by Maurice

Action                   |  1- 3 |  4- 6 |  7- 9 || total
-------------------------+-------+-------+-------++-------
Melee: Unarmed           |    97 |    88 |   307 ||   492
Invok: Renounce Religion |       |       |     1 ||     1
Evoke: Wand              |       |       |     2 ||     2
       Deck              |       |       |    10 ||    10
 Stab: Sleeping          |     6 |     1 |     1 ||     8
  Eat: Chunk             |     7 |    17 |    21 ||    45
       Beef jerky        |       |       |     2 ||     2
       Meat ration       |       |       |     1 ||     1
       Pizza             |       |       |     1 ||     1
